 Dungeon Crawl Stone Soup version 0.30-a0-358-g0d69a1922f (webtiles) character file.

Game seed: 12904778401304603633

52000 SmokeWeed the Warmonger (level 14, -22/111 HPs)
             Began as a Demonspawn Gladiator on Nov 9, 2022.
             Was a High Priest of Okawaru.
             Killed from afar by Azrael (49 damage)
             ... with a fireball
             ... on level 15 of the Dungeon on Nov 10, 2022.
             The game lasted 02:34:01 (18290 turns).

SmokeWeed the Warmonger (Demonspawn Gladiator)     Turns: 18290, Time: 02:34:02

Health: -22/111    AC: 31    Str: 23    XL:     14   Next: 25%
Magic:  15/22      EV: 13    Int: 16    God:    Okawaru [*****.]
Gold:   753        SH: 20    Dex: 21    Spells: 13/18 levels left

rFire   x . .      SeeInvis +    S - +2 broad axe (flame)
rCold   . . .      Faith    .    C - +0 tower shield
rNeg    . . .      Spirit   .    h - +0 chain mail of Acod {Int+5}
rPois   .          Reflect  .    W - +2 helmet {SInv}
rElec   +          Harm     .    m - +2 cloak "Veclaet" {rElec rF- Regen+ Str+5}
rCorr   .          Rampage  .    V - +0 pair of gloves
Will    +....                    z - +2 pair of boots
Stlth   +.........               (no amulet)
HPRegen 1.18/turn                q - +6 ring of dexterity
MPRegen 0.18/turn                t - +4 ring of protection

@: heroic, finesse-ful, studying Invocations
A: hooves 2, (demonic guardian 1), icemail 1, sharp scales 2, condensation
shield
a: Renounce Religion, Heroism, Finesse, Duel


You were on level 15 of the Dungeon.
You worshipped Okawaru.
Okawaru was extremely pleased with you.
You visited 1 branch of the dungeon, and saw 15 of its levels.
You visited the Abyss 1 time.

You collected 1114 gold pieces.
You spent 361 gold pieces at shops.

Inventory:

Hand Weapons
 a - a +2 bardiche
 j - a +1 sling of flaming
 s - a +2 halberd
 B - a +2 whip of flaming
 L - a +3 scimitar of flaming
 S - a +2 broad axe of flaming (weapon)
Missiles
 c - 8 curare-tipped darts (quivered)
 n - 6 boomerangs
 F - 23 poisoned darts
 N - 2 atropa-tipped darts
 T - 10 javelins
 U - 2 silver javelins
Armour
 h - the +0 chain mail of Acod (worn) {Int+5}
   (You found it on level 12 of the Dungeon)

   Int:       It affects your intelligence (+5).
 m - the +2 cloak "Veclaet" (worn) {rElec rF- Regen+ Str+5}
   (Okawaru gifted it to you on level 14 of the Dungeon)

   Str:       It affects your strength (+5).
   rF:        It makes you vulnerable to fire.
   rElec:     It insulates you from electricity.
   Regen:     It increases your rate of health regeneration.
 z - a +2 pair of boots (worn)
 C - a +0 tower shield (worn)
 H - a +2 cloak of preservation
 V - a +0 pair of gloves (worn)
 W - a +2 helmet of see invisible (worn)
Jewellery
 b - a ring of see invisible
 q - a +6 ring of dexterity (left hand)
 t - a +4 ring of protection (right hand)
 D - a ring of protection from cold
Wands
 g - a wand of paralysis (5)
 r - a wand of digging (8)
 y - a wand of polymorph (9)
 K - a wand of flame (8)
 O - a wand of iceblast (26)
 P - a wand of light (8)
 Z - a wand of mindburst (10)
Scrolls
 o - 10 scrolls of teleportation
 v - 5 scrolls of fear
 I - a scroll of enchant armour
 J - 2 scrolls of enchant weapon
 X - 2 scrolls of magic mapping
Potions
 e - 4 potions of ambrosia
 f - 5 potions of flight
 i - a potion of haste
 k - 5 potions of curing
 p - a potion of cancellation
 u - a potion of berserk rage
 w - a potion of experience {unknown}
 x - a potion of attraction
 A - a potion of magic
 E - 4 potions of resistance
 G - 2 potions of might
 Q - a potion of brilliance
 R - 2 potions of mutation
 Y - 2 potions of invisibility
Miscellaneous
 l - a piece from Xom's chessboard (15/15)
 M - a phantom mirror


   Skills:
 * Level 10.5(15.5) Fighting
 + Level 1.0(6.0) Long Blades
 + Level 6.3(13.9) Axes
 + Level 1.5(9.2) Maces & Flails
 + Level 9.5(15.4) Polearms
 + Level 2.3(7.3) Ranged Weapons
 + Level 6.0(11.0) Throwing
 * Level 9.6(14.6) Armour
 + Level 6.5(11.5) Dodging
 + Level 2.3(7.3) Stealth
 * Level 8.3(13.3) Shields
 * Level 2.7 Spellcasting
 * Level 2.5 Translocations
 * Level 3.0 Ice Magic
 + Level 10.9 Invocations
 + Level 5.6 Evocations


You had 13 spell levels left.
You knew the following spells:

 Your Spells              Type           Power      Damage    Failure   Level
a - Ozocubu's Armour      Ice            11%        N/A       97%         3
b - Blink                 Tloc           20%        N/A       89%         2

Your spell library contained the following spells:

 Spells                   Type           Power      Damage    Failure   Level
 Ensorcelled Hibernation  Hex/Ice        14%        N/A       97%         2
 Frozen Ramparts          Ice            22%        1d4       97%         3
 Passwall                 Tmut/Erth      1%         N/A       99%         2
 Static Discharge         Conj/Air       4%         2-3/arc   99%         2
 Sublimation of Blood     Necr           2%         N/A       99%         2
 Ignite Poison            Fire/Tmut/Pois 2%         N/A       100%        3
 Kindle Blastsparks       Fire/Tloc/Air  8%         2d10      100%        3
 Swiftness                Air            2%         N/A       100%        3
 Vhi's Electric Charge    Tloc/Air       12%        N/A       100%        3
 Fulminant Prism          Conj/Hex       1%         3d5       100%        4
 Ice Form                 Ice/Tmut       7%         N/A       100%        4
 Iskenderun's Mystic Bla  Conj/Tloc      6%         2d4       100%        4
 Manifold Assault         Tloc           10%        N/A       100%        4
 Petrify                  Tmut/Erth      2%         N/A       100%        4
 Arcjolt                  Conj/Air       1%         1d11      100%        5
 Freezing Cloud           Conj/Ice/Air   2%         6-21      100%        5
 Irradiate                Conj/Tmut      1%         3d12      100%        5
 Lee's Rapid Deconstruct  Erth           1%         3d4*      100%        5
 Lightning Bolt           Conj/Air       1%         1d12      100%        5
 Metabolic Englaciation   Hex/Ice        3%         N/A       100%        5
 Ozocubu's Refrigeration  Ice            5%         4d8       100%        7
 Storm Form               Tmut/Air       1%         N/A       100%        7
 Summon Ice Beast         Ice/Summ       Unusable   N/A       N/A         4
 Simulacrum               Ice/Necr       Unusable   N/A       N/A         6

Dungeon Overview and Level Annotations

Branches:
Dungeon (15/15)            Temple (0/1) D:7            Lair (0/5) D:10
    Orc (0/2) D:11         Vaults (0/5) D:13         Depths (0/4) D:15

Altars:
Ashenzari
Fedhas
Hepliaklqana
Nemelex Xobeh
Okawaru
Qazlal
Ru
Uskayaw

Shops:
D:3 =*:(?   D:5 *   D:6 [(**[

Annotations:
D:15 Azrael
Abyss:1 Nessos


Innate Abilities, Weirdness & Mutations

You have hoof-like feet.
((A weak demonic guardian rushes to your aid.))
A meltable icy envelope protects you from harm. (AC +0)
You are mostly covered in razor-sharp scales. (AC +2, Slay +2)
A meltable shield of frost defends you. (SH +0)


Message History

You hit the hell hound. The hell hound barely misses you.
You block the hell hound's attack. You block the hell hound's attack.
Azrael gestures at you. The bolt of fire hits you!
Your icy defenses dissipate!
The fire burns you terribly! You block the hell hound's attack.
Things that are here:
a +0 longbow; a ring of willpower; a centaur corpse You slash the hell hound!
The hell hound is severely wounded.
The hell hound bites you but does no damage.
Azrael enters a dispersal trap!
The hell hound blinks!
You blink.
Azrael blinks!
You slash the hell hound!
You kill the hell hound!
Okawaru accepts your kill.
Azrael is nearby!
Azrael gestures at you.
The fireball explodes!
The fireball engulfs you!! The fire burns you terribly! Azrael gestures at you.
The fireball explodes!
The fireball engulfs you! The fire burns you terribly!
Azrael enters a dispersal trap!
You blink.
Azrael blinks!
No target in view!
You gain the combat prowess of a mighty hero.
Found a stone staircase leading up.
Throw: throwing net
Press: ? - help, Q - select action, (/) - cycle Shift-Dir - straight line, f - Azrael
Aim: Azrael, wielding a +1 scimitar of flaming (85% to hit)
You throw a throwing net. The throwing net hits Azrael.
Azrael is caught in the net!
Azrael gestures at you.
The sphere of damnation explodes!
The damnation engulfs you!!!
* * * LOW HITPOINT WARNING * * *
Azrael struggles against the net.
You can now deal lightning-fast blows.
You block the fire elemental's attack. Azrael gestures at you.
The fireball explodes!
The fireball engulfs you!!! The fire burns you terribly!
You die...

.#########..#...#####...# #
.............##'.....'##..#
............. .#.....#.#.##
.######## ...###.....###..#
.# ..#...#...#...#.# .#
#................#
.#########..#..##.......###
..............###...)...#
...........<....@.......#
.............○R..E^######
............#####○.#
.......... #○.# .........
#..# ......... #..°
......... ....° .########
...°. .#


You could see Azrael (caught) and a fire elemental.

Vanquished Creatures
  A tentacled starspawn (Abyss:2)
  A quicksilver ooze (D:14)
  2 very ugly things
  A slime creature (D:15)
  Josephine (D:14)
  A spriggan zombie (Abyss:2)
  2 hydras (D:15)
  5 centaur warriors
  A boulder beetle (D:14)
  4 two-headed ogres
  A dancing weapon (Abyss:2)
  A tengu warrior (D:14)
  A sixfirhy (Abyss:2)
  5 skeletal warriors
  Lodul (D:12)
  A glowing orange brain (D:15)
  A harpy (shapeshifter) (D:13)
  Pikel (D:5)
  A necromancer (D:13)
  A deep elf pyromancer (D:13)
  14 ugly things
  4 cyclopes
  5 manticores
  2 gargoyles
  Maurice (D:13)
  An orange demon (Abyss:2)
  Maggie (D:7)
  2 kobold demonologists (D:12)
  A komodo dragon (D:10)
  An efreet (D:14)
  6 trolls
  An ancient zyme (Abyss:2)
  A hornet (D:7)
  The ghost of snetch the Magician, an amateur DjFE of Makhleb (D:4)
  A ynoxinul (Abyss:1)
  4 wraiths
  A spriggan (shapeshifter) (D:15)
  28 yaks
  A wyvern (D:7)
  2 shadows (D:11)
  2 fire bats (D:5)
  2 vampires
  A golden eye (shapeshifter) (D:14)
  4 fire elementals
  A basilisk (D:15)
  4 steam dragons
  3 vampire mosquitoes (D:14)
  Menkaure (D:7)
  A warg (D:11)
  3 large abominations (Abyss:2)
  2 hell hounds
  2 orc warriors
  2 ice beasts (D:8)
  13 ogres
  2 black bears
  A centaur (shapeshifter) (D:15)
  13 centaurs
  3 kobold brigands
  2 necrophages
  3 scorpions
  5 bullfrogs
  A gnoll sergeant (D:8)
  A small abomination (Abyss:1)
  15 killer bees
  4 electric eels (D:11)
  11 howler monkeys
  7 hounds
  3 gnoll boudas
  7 orc priests
  An iron imp (Abyss:2)
  5 jellies
  Ijyb (D:3)
  7 orc wizards
  3 iguanas (D:6)
  Robin (D:2)
  15 gnolls
  11 adders
  A shadow imp (D:7)
  A white imp (D:5)
  An ufetubus (D:6)
  5 dart slugs
  38 orcs
  5 ball pythons
  6 bats
  5 endoplasms
  4 giant cockroaches
  17 goblins
  9 hobgoblins
  6 jackals
  4 quokkas
  5 frilled lizards
  24 kobolds
  8 rats
413 creatures vanquished.

Vanquished Creatures (others)
  21 fungi
  21 plants
  2 starspawn tentacles (Abyss:2)
44 creatures vanquished.

Grand Total: 457 creatures vanquished

Notes
Turn   | Place    | Note
-------+----------+-------------------------------------------
     0 | D:1      | SmokeWeed the Demonspawn Gladiator began the quest for the
                  | Orb.
     0 | D:1      | Reached XP level 1. HP: 16/16 MP: 1/1
   106 | D:1      | Gained mutation: A weak demonic guardian rushes to your
                  | aid. [demonic ancestry]
   106 | D:1      | Reached XP level 2. HP: 22/22 MP: 2/2
   422 | D:1      | Gained mutation: A meltable shield of frost defends you.
                  | (SH +0) [demonic ancestry]
   422 | D:1      | Reached XP level 3. HP: 26/27 MP: 3/3
   905 | D:2      | Found a faded altar of an unknown god.
  1018 | D:2      | Reached skill level 1 in Armour
  1044 | D:2      | Found an iron altar of Okawaru.
  1054 | D:2      | Became a worshipper of Warmaster Okawaru
  1080 | D:2      | Gained mutation: You are partially covered in razor-sharp
                  | scales. (AC +1, Slay +1) [demonic ancestry]
  1080 | D:2      | Reached XP level 4. HP: 26/33 MP: 4/4
  1435 | D:2      | Noticed Robin
  1444 | D:2      | Killed Robin
  1445 | D:2      | Reached skill level 1 in Ranged Weapons
  1826 | D:3      | Found Equuxzy's General Store.
  1835 | D:3      | Bought a scroll of identify for 24 gold pieces
  1874 | D:3      | Found Goqeusoez's Book Shoppe.
  1900 | D:3      | Found Coafurie's Magic Scroll Boutique.
  2167 | D:3      | Noticed Ijyb
  2181 | D:3      | Killed Ijyb
  2182 | D:3      | Reached XP level 5. HP: 32/39 MP: 5/5
  2281 | D:3      | Found Rikor's Weapon Shop.
  2335 | D:3      | Reached skill level 1 in Shields
  2531 | D:3      | Found Lesul's Jewellery Boutique.
  2838 | D:3      | Found a hide-covered altar of Uskayaw.
  3259 | D:4      | Gained mutation: A meltable icy envelope protects you from
                  | harm. (AC +0) [demonic ancestry]
  3259 | D:4      | Reached XP level 6. HP: 46/46 MP: 6/6
  3312 | D:4      | Found a hazy altar of Hepliaklqana.
  3340 | D:4      | Found a broken altar of Ashenzari.
  3371 | D:4      | Reached skill level 1 in Polearms
  3376 | D:4      | Reached * piety under Okawaru
  3423 | D:4      | Found a runed translucent gate.
  3423 | D:4      | Identified the +10 spear "Soffeyma" {distort, +Blink Str+2}
  3423 | D:4      | Noticed snetch's ghost (amateur DjFE)
  3431 | D:4      | Found a runed translucent gate.
  3432 | D:4      | Found a runed translucent gate.
  4011 | D:5      | Entered Level 5 of the Dungeon
  4017 | D:5      | Found a transporter.
  4030 | D:4      | Gained mutation: You have large cloven feet. [demonic
                  | ancestry]
  4030 | D:4      | Reached XP level 7. HP: 18/52 MP: 7/7
  4272 | D:5      | Found a sacrificial altar of Ru.
  4272 | D:5      | Found a stormy altar of Qazlal.
  4280 | D:5      | Found a faded altar of an unknown god.
  4282 | D:5      | Found a sparkling altar of Nemelex Xobeh.
  4284 | D:5      | Found a faded altar of an unknown god.
  4309 | D:5      | Noticed Pikel
  4332 | D:5      | Killed Pikel
  4332 | D:5      | Reached ** piety under Okawaru
  4333 | D:5      | Reached skill level 1 in Stealth
  4333 | D:5      | Reached XP level 8. HP: 61/61 MP: 8/8
  4410 | D:5      | Found Hoblinedo's Fire Supplies.
  4557 | D:5      | Found a transporter.
  5031 | D:5      | Reached skill level 5 in Fighting
  5031 | D:5      | Reached skill level 5 in Polearms
  5242 | D:6      | Reached skill level 5 in Armour
  5255 | D:6      | Reached *** piety under Okawaru
  5376 | D:6      | Reached XP level 9. HP: 61/68 MP: 10/10
  5399 | D:6      | Found Zafom's Assorted Antiques.
  5408 | D:6      | Found Ysaabbi's Armour Shoppe.
  5437 | D:6      | Bought a +2 cloak of preservation for 279 gold pieces
  5535 | D:6      | Found Zueqeaw's Assorted Antiques.
  5633 | D:6      | Found Zataklun's Armour Boutique.
  5735 | D:6      | Found Azusirpha's Antique Weapon Shop.
  6011 | D:7      | You fall into a shaft and drop 3 floors!
  6011 | D:10     | Entered Level 10 of the Dungeon
  6184 | D:9      | Noticed a two-headed ogre
  6200 | D:9      | Killed a two-headed ogre
  6200 | D:9      | Reached **** piety under Okawaru
  6406 | D:9      | Gained mutation: You have hoof-like feet. [demonic
                  | ancestry]
  6406 | D:9      | Reached XP level 10. HP: 61/77 MP: 10/12
  6635 | D:8      | Found a blossoming altar of Fedhas.
  7215 | D:9      | Received a gift from Okawaru
  7283 | D:9      | Reached skill level 5 in Axes
  7783 | D:8      | Reached skill level 1 in Maces & Flails
  7783 | D:8      | Reached skill level 1 in Evocations
  8400 | D:7      | Noticed Menkaure
  8408 | D:7      | Killed Menkaure
  8700 | D:7      | Identified the +4 ring mail "Urorar" {Rampage Str-5 Dex+2}
  8783 | D:7      | Noticed Maggie
  8788 | D:7      | Reached XP level 11. HP: 86/86 MP: 14/14
  8793 | D:7      | Killed Maggie
  8880 | D:7      | Found a staircase to the Ecumenical Temple.
  9205 | D:4      | Killed snetch's ghost
  9206 | D:4      | Reached skill level 5 in Invocations
  9210 | Abyss:1  | Cast into level 1 of the Abyss (orc)
  9287 | Abyss:1  | Noticed a spatial maelstrom
  9325 | Abyss:2  | Noticed a tentacled starspawn
  9327 | Abyss:2  | Noticed a sixfirhy
  9336 | Abyss:2  | Killed a sixfirhy
  9336 | Abyss:2  | Received a gift from Okawaru
  9357 | Abyss:2  | Killed a tentacled starspawn
  9411 | Abyss:2  | Noticed a +0 antimagic trident
  9438 | Abyss:2  | Killed a +0 antimagic trident
  9573 | Abyss:2  | Reached ***** piety under Okawaru
  9621 | Abyss:2  | Noticed a wretched star
  9623 | D:4      | Escaped the Abyss
 10679 | D:6      | Bought a +0 tower shield for 58 gold pieces
 12023 | D:10     | Found a staircase to the Lair.
 12027 | D:10     | Received a gift from Okawaru
 12251 | D:11     | Reached XP level 12. HP: 64/95 MP: 11/18
 12418 | D:11     | Found a staircase to the Orcish Mines.
 12577 | D:11     | Identified the +1 robe of Doumuler {Drain Str+4 SInv}
 12664 | D:11     | Noticed an ice dragon
 12667 | D:11     | Noticed a five-headed hydra
 12669 | D:11     | Noticed a centaur warrior
 12894 | D:11     | Noticed a boulder beetle
 12914 | D:11     | Noticed a centaur warrior
 13030 | D:11     | Noticed a boulder beetle
 13047 | D:11     | Banished a boulder beetle
 13384 | D:12     | Reached skill level 5 in Dodging
 13399 | D:12     | Reached skill level 5 in Shields
 13637 | D:12     | Identified the +0 chain mail of Acod {Int+5}
 13763 | D:12     | Noticed Lodul
 13777 | D:12     | Killed Lodul
 13901 | D:12     | Reached skill level 5 in Throwing
 13924 | D:12     | Noticed Nessos
 13935 | D:12     | Banished Nessos
 14058 | D:12     | Noticed a centaur warrior
 14094 | D:12     | Killed a centaur warrior
 14327 | D:12     | Noticed a two-headed ogre
 14337 | D:12     | Killed a two-headed ogre
 14338 | D:12     | Reached skill level 10 in Invocations
 14407 | D:12     | Noticed a two-headed ogre
 14418 | D:12     | Killed a two-headed ogre
 14419 | D:12     | Reached skill level 5 in Evocations
 14687 | D:13     | Noticed a centaur warrior
 14692 | D:13     | Killed a centaur warrior
 14692 | D:13     | Received a gift from Okawaru
 14994 | D:13     | Noticed a boulder beetle
 15000 | D:13     | Reached XP level 13. HP: 94/103 MP: 17/20
 15139 | D:13     | Reached skill level 10 in Fighting
 15363 | D:13     | Noticed Maurice
 15369 | D:13     | Paralysed by Maurice for 5 turns
 15378 | D:13     | Killed Maurice
 15490 | D:13     | Found a gate to the Vaults.
 15981 | D:14     | Noticed a white very ugly thing
 15999 | D:13     | Killed a white very ugly thing
 16021 | D:14     | Received a gift from Okawaru
 16094 | D:14     | Learned a level 3 spell: Ozocubu's Armour
 16376 | D:14     | Reached skill level 1 in Spellcasting
 16400 | D:14     | Reached skill level 1 in Ice Magic
 16533 | D:14     | Noticed Josephine
 16553 | D:14     | Killed Josephine
 16874 | D:14     | Learned a level 2 spell: Blink
 16939 | D:14     | an eight-headed hydra changed into a quicksilver ooze
 16939 | D:14     | Noticed a quicksilver ooze
 16944 | D:14     | Killed a quicksilver ooze
 16944 | D:14     | Identified the +2 cloak "Veclaet" {rElec rF- Regen+ Str+5}
                  | (Okawaru gifted it to you on level 14 of the Dungeon)
 16944 | D:14     | Received a gift from Okawaru
 17218 | D:15     | Entered Level 15 of the Dungeon
 17242 | D:14     | Reached skill level 1 in Translocations
 17520 | D:15     | Noticed Azrael
 17527 | D:15     | Identified the +5 long sword "Qifahybu" {freeze, rElec
                  | Dex+2 Stlth-}
 17663 | D:15     | Gained mutation: You are mostly covered in razor-sharp
                  | scales. (AC +2, Slay +2) [demonic ancestry]
 17663 | D:15     | Reached XP level 14. HP: 111/111 MP: 16/22
 17724 | D:15     | Noticed a purple very ugly thing
 17756 | D:15     | Killed a cyan very ugly thing
 17817 | D:15     | HP: 3/111 [enormous slime creature (48)]
 17826 | D:15     | Reached skill level 1 in Long Blades
 17943 | D:15     | Found a staircase to the Depths.
 18290 | D:15     | Killed from afar by Azrael

Illustrated notes

Levels and vault maps discovered:
D:1:      wander_arrival_chamber, layout_basic
D:2:      layout_basic, ebering_ecumenical_altar_webs, serial_aquarium,
          aquarium_bridge_square [aquarium_subvault_bridge,
          aquarium_subvault_bridge, aquarium_subvault_wall,
          aquarium_subvault_wall], aquarium_bridge_island_small
          [aquarium_subvault_small_open, aquarium_subvault_bridge,
          aquarium_subvault_bridge, aquarium_subvault_window,
          aquarium_subvault_bridge], aquarium_window_corridor_1,
          aquarium_window_1, aquarium_window_fake, aquarium_view_2a,
          basic_altar, st_stairs_9, uniq_robin
D:3:      layout_basic, lemuel_coloured_pillars_altar, serial_shops,
          nicolae_diamond_shop, shop, nicolae_shop_trees,
          nicolae_shop_competitors_out_of_business,
          nicolae_shop_bloodbath_and_beyond, uniq_ijyb
D:4:      layout_basic, mainiacjoe_overflow_large_starburst, serial_aquarium,
          aquarium_bridge_long_separate [aquarium_subvault_window,
          aquarium_subvault_bridge, aquarium_subvault_wall,
          aquarium_subvault_bridge, aquarium_subvault_bridge,
          aquarium_subvault_balcony], aquarium_bridge_square
          [aquarium_subvault_balcony, aquarium_subvault_window,
          aquarium_subvault_bridge, aquarium_subvault_bridge],
          aquarium_window_corner, aquarium_window_fake, aquarium_window_fake,
          aquarium_window_1, aquarium_view_2a, biasface_ghost_orc_armoury,
          hangedman_abyss_or_decor_lesser_grid, kennysheep_generic_room_10
D:5:      gammafunk_cloud_chamber, layout_cave_pools,
          chequers_temple_overflow_minitemple, nicolae_shop_fire_sale
          [nicolae_sub_dead_trees], uniq_pikel
D:6:      layout_rooms, serial_shops, shop, shop, shop_statue,
          nicolae_shop_crystal, shop_statue
D:7:      layout_basic, minmay_temple_entry_hall, uniq_menkaure, uniq_maggie
D:8:      layout_basic, nicolae_overflow_hidden_temple, grunt_decor_arrowhead,
          small_statue_intersection, nicolae_grassy_gnolls
D:9:      layout_stronghold
D:10:     layout_irregular_city, grunt_lair_entry_orc_guard_hut
D:11:     layout_big_octagon, erik_orc_3, onia_ninara_dug_in_and_dangerous
D:12:     layout_irregular_city, minivault_25, uniq_lodul, uniq_nessos
D:13:     layout_gridville, david_vaults_1, kennysheep_dice, uniq_maurice
D:14:     layout_irregular_city, nicolae_elyvilon_temple_path, uniq_josephine
D:15:     gammafunk_enter_depths_forms, layout_small_grid, nicolae_wwwww,
          minivault_24, minmay_fractal_squares_diagonal_5, uniq_azrael

Skill      XL: |  1  2  3  4  5  6  7  8  9 10 11 12 13 14 |
---------------+-------------------------------------------+-----
Dodging        | 3 4 5 6 |  6.5
Axes           | 3 4 5 6 |  6.3
Throwing       | 2 3 5 6 |  6.0
Armour         | 1 2 3 5 6 7 8 9 |  9.6
Ranged Weapons | 2 |  2.3
Shields        | 1 2 3 6 8 |  8.3
Polearms       | 2 4 5 7 8 9 |  9.5
Fighting       | 3 4 5 6 8 9 10 | 10.5
Stealth        | 1 2 |  2.3
Invocations    | 2 3 4 8 10 | 10.9
Maces & Flails | 1 |  1.5
Evocations     | 2 3 5 |  5.6
Spellcasting   | 2 |  2.7
Ice Magic      | 2 3 |  3.0
Translocations | 1 2 |  2.5
Long Blades    | 1 |  1.0

Action                   |  1- 3 |  4- 6 |  7- 9 | 10-12 | 13-15 || total
-------------------------+-------+-------+-------+-------+-------++-------
Melee: War axe           |    93 |    24 |    22 |    54 |       ||   193
       Punch             |     1 |       |       |     1 |       ||     2
       Halberd           |       |    91 |   185 |   214 |       ||   490
       Whip              |       |       |       |    31 |       ||    31
       Flail             |       |       |       |     9 |       ||     9
       Spear             |       |       |       |   353 |   288 ||   641
       Broad axe         |       |       |       |     8 |    52 ||    60
       Scimitar          |       |       |       |       |    80 ||    80
 Fire: Sling             |    31 |    91 |       |       |       ||   122
Throw: Stone             |       |     8 |       |       |       ||     8
       Dart              |       |     3 |     3 |    10 |       ||    16
       Throwing net      |       |     1 |     4 |     3 |     1 ||     9
       Javelin           |       |       |    19 |    29 |    11 ||    59
       Boomerang         |       |       |       |    46 |    51 ||    97
Invok: Heroism           |       |       |     9 |    29 |    12 ||    50
       Finesse           |       |       |     1 |    10 |     5 ||    16
 Abil: Evoke Blink       |       |       |       |     1 |     1 ||     2
Evoke: Wand              |       |       |       |     5 |     2 ||     7
  Use: Scroll            |       |     8 |     2 |    11 |     5 ||    26
       Potion            |       |       |       |     2 |     2 ||     4
 Stab: Sleeping          |     1 |       |       |       |       ||     1
       Held in net/web   |       |       |     4 |     3 |       ||     7
Armor: Leather armour    |    30 |    11 |       |       |       ||    41
       Chain mail        |       |    64 |   150 |   190 |   160 ||   564
       Plate armour      |       |       |       |   183 |       ||   183
Dodge: Dodged            |    96 |    64 |   139 |   199 |    88 ||   586
Block: Other             |    10 |    32 |    32 |    46 |       ||   120
       Tower shield      |       |       |       |   304 |   388 ||   692

Table legend: (Time is in decaauts)
 A = Elapsed time spent in this place.
 B = Non-inter-level travel time spent in this place.
 C = Inter-level travel time spent in this place.
 D = Time resting spent in this place.
 E = Time spent auto-exploring this place.
 F = Levels seen in this place.
 G = Mean time per level.
                   A        B        C        D        E       F      G
               +--------+--------+--------+--------+--------+-----+--------+
         Total |  18289 |  16249 |   2040 |   2005 |  10017 |  17 | 1075.8 |
       Dungeon |  17926 |  15886 |   2040 |   2005 |   9859 |  15 | 1195.1 |
         Abyss |    362 |    362 |      0 |      0 |    158 |   2 |  181.0 |
               +--------+--------+--------+--------+--------+-----+--------+

Top non-repeatable levels by time:
     D:4: 1692 daAuts
     D:9: 1487 daAuts
    D:13: 1374 daAuts
     D:2: 1337 daAuts
     D:5: 1317 daAuts
    D:12: 1311 daAuts
     D:3: 1307 daAuts
    D:14: 1302 daAuts
     D:8: 1153 daAuts
    D:10: 1088 daAuts
    D:11: 1063 daAuts
    D:15: 957 daAuts
     D:1: 899 daAuts
     D:7: 884 daAuts
     D:6: 748 daAuts
